 Dungeon Crawl Stone Soup version 0.14-a0-2443-g5aee772 (webtiles) character file.

230 Sabsy the Shield-Bearer (level 4, -6/41 HPs)
             Began as a Minotaur Fighter on Feb 7, 2014.
             Mangled by Grinder (7 damage)
             ... while paralysed by Grinder
             ... on Level 3 of the Dungeon.
             The game lasted 00:11:23 (1957 turns).

Sabsy the Shield-Bearer (Minotaur Fighter)          Turns: 1957, Time: 00:11:24

HP  -6/41        AC  7     Str 22      XL: 4   Next: 47%
MP   2/2         EV  2     Int  5      God:
Gold 130         SH  0     Dex  9      Spells:  0 memorised,  3 levels left

rFire  . . .     SeeInvis .     a - +0 hand axe
rCold  . . .     Clarity  .     g - +0 scale mail
rNeg   . . .     Conserve .     c - +0 shield
rPois  .         rCorr    .     (helmet restricted)
rElec  .         rRot     .     (no cloak)
SustAb . .       Spirit   .     (no gloves)
rMut   .         Warding  .     (no boots)
Saprov . . .     Stasis   .     (no amulet)
MR     .....                    (no ring)
                                i - ring of flight

@: paralysed, not resistant to hostile enchantments, extremely unstealthy
A: retaliatory headbutt, horns 2
a: Evoke Flight


You were on level 3 of the Dungeon.
You were not hungry.

You visited 1 branch of the dungeon, and saw 4 of its levels.

You collected 130 gold pieces.

Inventory:

Hand weapons
 a - a +0,+0 hand axe (weapon)
Missiles
 f - 6 poisoned tomahawks (quivered)
Armour
 c - a +0 shield (worn)
 g - a +0 scale mail (worn)
Comestibles
 d - 3 bread rations
 n - a chunk of worm flesh
Scrolls
 b - a scroll of identify
 k - a scroll of fear
 p - a scroll of curse jewellery {unknown}
Jewellery
 i - a ring of flight (left hand)
 m - a cursed +3 ring of evasion {unknown}
 q - a cursed ring of hunger {unknown}
Potions
 e - a potion of agility {unknown}
 h - a potion of speed {unknown}
 j - a potion of mutation {unknown}
 l - a potion of curing {unknown}
 o - a potion of resistance {unknown}


   Skills:
 + Level 4.3 Fighting
 + Level 3.2 Axes
 + Level 4.6 Armour
 + Level 4.6 Shields


You had 3 spell levels left.
You didn't know any spells.

Dungeon Overview and Level Annotations

Branches:
Dungeon (4/16)
 Temple: D:4-7

Altars:
Ashenzari
Okawaru

Annotations:
D:3 Grinder


Innate Abilities, Weirdness & Mutations

You reflexively headbutt those who attack you in melee.
You have a pair of horns on your head.


Message History

You resist with significant effort. Grinder barely misses you.
You hit Grinder but do no damage. Your headbutt misses Grinder.
Grinder is moderately wounded.
Grinder gestures at you.
You barely resist. You hit Grinder.
Grinder is moderately wounded.
Grinder hits you but does no damage.
You hit Grinder but do no damage.
Grinder is moderately wounded.
Grinder gestures at you.
You suddenly lose the ability to move!
Grinder hits you!
* * * LOW HITPOINT WARNING * * *
You writhe in agony.
* * * LOW HITPOINT WARNING * * *
Grinder gestures.
Grinder blinks!
Grinder hits you!
You die...

###.##############(.........#
#.......# #########.## #.......#
#.# ####.......############## #.#
........................# #.#
###........###..........# #.#
#........# #..........#####.#
#........# #.............##.#
#........# #..@>.......>.##.###
#........# #.5####.###...##...#
#..#.##### #..# #.# #####..
###.[#.#######..####.####.#.#.###
..%.....5...>.......<.....#......
#.#..#..........####..#####.#.###
#.#.(#.....<....# #........### #
#.#..#.###.###..# ########.#####
#.#[.#.###.## ..# #......


You could see Grinder.

Vanquished Creatures
  2 adders (D:2)
  2 worms (D:2)
  3 giant geckos (D:1)
  2 oozes (D:1)
  An orc (D:3)
  3 giant cockroaches
  12 goblins
  11 hobgoblins
  12 bats
  A giant gecko skeleton (D:3)
  2 giant newts
  5 kobolds
  2 quokkas (D:2)
  6 rats
64 creatures vanquished.

Notes
Turn   | Place    | Note
--------------------------------------------------------------
     0 | D:1      | Sabsy, the Minotaur Fighter, began the quest for the Orb.
     0 | D:1      | Reached XP level 1. HP: 19/19 MP: 1/1
   136 | D:1      | Reached XP level 2. HP: 18/27 MP: 1/1
   228 | D:1      | Reached skill level 4 in Armour
   547 | D:1      | Reached XP level 3. HP: 30/33 MP: 2/2
   866 | D:2      | Found a shattered altar of Ashenzari.
  1066 | D:2      | Reached XP level 4. HP: 24/40 MP: 2/2
  1554 | D:3      | Found an iron altar of Okawaru.
  1631 | D:3      | Noticed Grinder
  1632 | D:3      | Paralysed by Grinder for 6 turns
  1953 | D:3      | Paralysed by Grinder for 5 turns
  1954 | D:3      | HP: 1/41 [Grinder (6)]
  1957 | D:3      | Mangled by Grinder

Action                   |  1- 3 |  4- 6 || total
-------------------------+-------+-------++-------
Melee: Hand axe          |   108 |    55 ||   163
Throw: Tomahawk          |     2 |       ||     2
  Use: Scroll            |       |     5 ||     5
